 Dungeon Crawl Stone Soup version 0.27.1 (webtiles) character file.

Game seed: 8085704138164080490

263 nxtlvl the Chopper (level 5, -11/67 HPs)
             Began as a Draconian Berserker on Aug 21, 2021.
             Was a Follower of Trog.
             Mangled by a two-headed ogre (27 damage)
             ... on level 8 of the Dungeon.
             The game lasted 00:05:41 (618 turns).

nxtlvl the Chopper (Draconian Berserker)             Turns: 618, Time: 00:05:42

Health: -11/67     AC:  5    Str: 19    XL:     5   Next: 97%
Magic:  5/5        EV: 12    Int:  7    God:    Trog [*.....]
Gold:   52         SH:  0    Dex: 12    Spells: 4/4 levels left

rFire    . . .     SeeInvis .   a - +0 hand axe
rCold    . . .     Faith    .   (no shield)
rNeg     . . .     Spirit   .   (armour unavailable)
rPois    .         Reflect  .   (helmet restricted)
rElec    .         Harm     .   (no cloak)
rCorr    .         Rampage  .   (no gloves)
Will     .....                  (no boots)
Stlth    ..........             d - amulet of the acrobat
HPRegen  0.21/turn              (no ring)
MPRegen  0.09/turn              (no ring)

@: berserking (expiring), very quick
A: AC +5, unfitting armour, cold-blooded
a: Renounce Religion, Berserk


You were on level 8 of the Dungeon.
You worshipped Trog.
Trog was aware of your devotion.
You visited 1 branch of the dungeon, and saw 6 of its levels.

You collected 52 gold pieces.

Inventory:

Hand Weapons
 a - a +0 hand axe (weapon)
 b - a +0 hunting sling
 e - a +1 mace of draining
Missiles
 q - 20 sling bullets
Jewellery
 d - an amulet of the acrobat (around neck)
Wands
 h - a wand of charming (6)
Scrolls
 c - a scroll of identify {unknown}
 i - 2 scrolls of teleportation {unknown}
Potions
 f - a potion of attraction {unknown}
 j - a potion of heal wounds {unknown}
 k - a potion of curing {unknown}


   Skills:
 - Level 3.2 Fighting
 * Level 6.7 Axes
 - Level 2.6 Dodging


You had 4 spell levels left.
You didn't know any spells.
Your spell library was empty.

Dungeon Overview and Level Annotations

Branches:
Dungeon (8/15)
 Temple: D:4-7         Lair: D:8-11

Altars:

Annotations:
D:8 exclusion: upstairs


Innate Abilities, Weirdness & Mutations

Your plain brown scales are hard. (AC +5)
You cannot fit into any form of body armour.
You are cold-blooded and may be slowed by cold attacks.


Message History

Pain shoots through your body!
You completely miss the orc priest. You tail-slap the orc priest!
You kill the orc priest!
Trog accepts your kill.
The orc wizard gestures at you while chanting.
The puff of flame misses you.
Found a fuming purple potion.
There is an open door here.
Things that are here:
a +0 morningstar; a +0 leather armour You feel a strong urge to attack something.
You slash the two-headed ogre!
The two-headed ogre is moderately wounded.
You barely miss the orc.
The two-headed ogre hits you with a +0 giant spiked club!!
The two-headed ogre hits you with a +0 giant spiked club!
You hit the two-headed ogre.
The two-headed ogre is moderately wounded.
You barely miss the orc. You closely miss the orc wizard.
You hit the two-headed ogre.
The two-headed ogre is heavily wounded.
You slash the orc wizard! You closely miss the orc. You hit the orc wizard.
The orc hits you with a +0 dagger.
The orc wizard hits you but does no damage.
The two-headed ogre misses you. The two-headed ogre barely misses you.
You slash the two-headed ogre!
The two-headed ogre is severely wounded.
You hit the orc wizard. You slash the orc!
You kill the orc!
Trog accepts your kill.
You closely miss the orc wizard. The orc wizard closely misses you.
You slash the two-headed ogre!
The two-headed ogre is almost dead.
You hit the orc wizard. You closely miss the orc wizard.
The orc wizard barely misses you.
The orc wizard gestures at you while chanting.
The puff of flame hits you.
* * * LOW HITPOINT WARNING * * *
The two-headed ogre hits you with a +0 giant spiked club!!
You die...

################
........#......+
........#......#
........#<.....##
........#.......#
........+.......#
........#.......#
..)....####)#####
....... #..@)..#
D......#..oOo..#
.......+.......#
.......#.......#
######.####)...#
#....# #.!...
#.....#


You could see a two-headed ogre and 2 orc wizards.

Vanquished Creatures
  An ogre (D:4)
  A phantom (D:4)
  An orc priest (D:8)
  Natasha (D:2)
  3 adders
  An adder skeleton (D:4)
  A worm (D:4)
  A dart slug (D:1)
  An orc (D:8)
  A bat (D:1)
  2 endoplasms
  A giant cockroach (D:2)
  4 goblins
  A hobgoblin (D:4)
  3 kobolds (D:1)
  A quokka (D:4)
  A frilled lizard (D:1)
  A rat (D:2)
26 creatures vanquished.

Notes
Turn   | Place    | Note
-------+----------+-------------------------------------------
     0 | D:1      | nxtlvl the Draconian Berserker began the quest for the Orb.
     0 | D:1      | Reached XP level 1. HP: 19/19 MP: 1/1
    97 | D:1      | Reached XP level 2. HP: 25/26 MP: 2/2
   148 | D:2      | Noticed Natasha
   159 | D:2      | Killed Natasha
   160 | D:2      | Reached skill level 4 in Axes
   160 | D:2      | Reached XP level 3. HP: 31/31 MP: 3/3
   474 | D:4      | Noticed a phantom
   485 | D:4      | Killed a phantom
   486 | D:4      | Reached skill level 5 in Axes
   486 | D:4      | Reached XP level 4. HP: 38/38 MP: 4/4
   489 | D:4      | Reached XP level 5. HP: 45/45 MP: 5/5
   537 | D:4      | Noticed an ogre
   550 | D:4      | Killed an ogre
   551 | D:4      | Reached skill level 6 in Axes
   586 | D:4      | You fall into a shaft and drop 3 floors!
   592 | D:7      | Noticed a centaur
   592 | D:7      | Noticed a water moccasin
   603 | D:8      | Noticed a steam dragon
   610 | D:8      | Noticed a two-headed ogre
   618 | D:8      | Mangled by a two-headed ogre

Illustrated notes

Levels and vault maps discovered:
D:1:      shiori_arrival_oz, layout_basic
D:2:      layout_loops_corners, hellmonk_ecumenical_altar_zigzags, serial_shops,
          nicolae_shop_stone, uniq_natasha
D:3:      layout_loops_cross, uniq_grinder
D:4:      layout_basic, lemuel_coloured_pillars_altar, minmay_unequal
D:7:      layout_rooms, temple_hall, gammafunk_ghost_nasty_kobolds,
          kennysheep_generic_room_8
D:8:      layout_gridville, nicolae_hepliaklqana_monster_ancestors,
          erik_lair_dragon, wad_floor_pattern_untrapped, serial_bayou_lagoon_b

Skill      XL: |  1  2  3  4  5 |
---------------+----------------+-----
Axes           | 4 5 6 |  6.7
Fighting       | |  3.2
Dodging        | |  2.6

Action                   |  1- 3 |  4- 6 || total
-------------------------+-------+-------++-------
Melee: Hand axe          |    58 |    16 ||    74
       Tailslap          |     1 |     3 ||     4
 Fire: Hunting sling     |    11 |     2 ||    13
Invok: Berserk           |     4 |     2 ||     6
Armor: Skin              |    13 |     2 ||    15
Dodge: Dodged            |    38 |    10 ||    48
